 Dungeon Crawl Stone Soup version 0.29-a0-834-g1e95ca9f62 (webtiles) character file.

Game seed: 12441694904694170318

2 buhh the Caller (level 1, -1/13 HPs)
             Began as a Barachi Summoner on July 13, 2022.
             Slain by a jackal (3 damage)
             ... on level 1 of the Dungeon.
             The game lasted 00:01:19 (57 turns).

buhh the Caller (Barachi Summoner)                    Turns: 57, Time: 00:01:20

Health: -1/13      AC:  2    Str:  9    XL:     1   Next: 40%
Magic:  1/3        EV: 12    Int: 15    God:
Gold:   15         SH:  0    Dex: 12    Spells: 3/4 levels left

rFire   . . .      SeeInvis .   (no weapon)
rCold   . . .      Faith    .   (no shield)
rNeg    . . .      Spirit   .   a - +0 robe
rPois   .          Reflect  .   (no helmet)
rElec   .          Harm     .   (no cloak)
rCorr   .          Rampage  .   (no gloves)
Will    .....                   (no boots)
Stlth   ++........              (no amulet)
HPRegen 0.04/turn               (no ring)
MPRegen 0.08/turn               (no ring)

@: unable to hop, slow
A: amphibious, slowness 1, strong legs 1, +LOS
a: Hop


You were on level 1 of the Dungeon.
You visited 1 branch of the dungeon, and saw 1 of its levels.

You collected 15 gold pieces.

Inventory:

Armour
 a - a +0 robe (worn)


   Skills:
 - Level 2.1 Dodging
 + Level 1.9 Stealth
 - Level 2.1 Spellcasting
 + Level 4.9 Summonings


You had 3 spell levels left.
You knew the following spells:

 Your Spells              Type           Power      Damage    Failure   Level
a - Summon Small Mammal   Summ           64%        N/A       3%          1

Your spell library contained the following spells:

 Spells                   Type           Power      Damage    Failure   Level
 Call Imp                 Summ           16%        N/A       4%          2
 Call Canine Familiar     Summ           16%        N/A       9%          3
 Summon Guardian Golem    Hex/Summ       9%         N/A       24%         3
 Sublimation of Blood     Necr           1%         N/A       32%         2
 Wereblood                Tmut           1%         N/A       32%         2
 Summon Lightning Spire   Summ/Air       9%         N/A       61%         4
 Summon Hydra             Summ           8%         N/A       100%        7


Dungeon Overview and Level Annotations

Branches:
Dungeon (1/15) Zot: 5935

Altars:


Innate Abilities, Weirdness & Mutations

You are amphibious.
You cover ground slowly.
You can hop short distances.
You have an extended range of vision and can be seen from far away.


Message History

Orders for allies: a - Attack new target. r - Retreat! s - Stop attacking. g - Guard the area. f - Follow me.
Anything else - Cancel.
Gang up on whom?
Press: ? - help, Dir - move target, f - jackal
Aim: a jackal (ally target) Attack!
Your bat closely misses the jackal.
The jackal attacks as you move away! The jackal bites you.
* * * LOW HITPOINT WARNING * * *
Your rat barely misses the jackal.
Your bat hits the jackal but does no damage.
Your bat barely misses the jackal.
The jackal barely misses you.
Hop to where?
Press: ? - help, Dir - move target, p - jackal Boing!
Your bat hits the jackal but does no damage.
Casting: Summon Small Mammal (safe; 3% risk of failure)
Press: ? - help, Q - select action, (/) - cycle Dir - look around, f - activate Your rat disappears in a puff of smoke!
Your bat hits the jackal but does no damage.
The jackal bites your bat but does no damage.
Your bat hits the jackal but does no damage.
The jackal bites your bat.
Your bat hits the jackal but does no damage.
Your bat barely misses the jackal.
The jackal bites your bat.
Your bat dies!
Your bat's corpse disappears in a puff of smoke!
Your bat barely misses the jackal.
The jackal barely misses your bat.
Your bat hits the jackal but does no damage.
You don't have enough magic to cast this spell.
You don't have enough magic to cast this spell.
Magic courses through your body.
Casting: Summon Small Mammal (safe; 3% risk of failure)
Press: ? - help, Q - select action, (/) - cycle Dir - look around, f - activate
Casting: Summon Small Mammal (safe; 3% risk of failure)
Press: ? - help, Q - select action, (/) - cycle Dir - look around, f - activate The jackal closely misses you.
You swap places.
The jackal bites you.
You die...

..............##
#...#.#.#.#....#
?)#...†.....§.####
.!..#†...#.....#.#
......#....)..##.#
........#......#.#
..............##.#
.#.#.#.#.#.#.#...#
##############r#@#
#..hr# ######


You could see a jackal (ally target) and a friendly quokka (summoned).

Vanquished Creatures (collateral kills)
  2 jackals (D:1)
2 creatures vanquished.

Notes
Turn   | Place    | Note
-------+----------+-------------------------------------------
     0 | D:1      | buhh the Barachi Summoner began the quest for the Orb.
     0 | D:1      | Reached XP level 1. HP: 13/13 MP: 3/3
    57 | D:1      | Slain by a jackal

Illustrated notes

Levels and vault maps discovered:
D:1:      co_arrival_square_in_a_square_in_a_square, layout_rooms,
          dreamdust_ecumenical_altar_angels_and_demons

Action                   || total
-------------------------++-------
Melee: Unarmed           ||     6
       Punch             ||     1
 Cast: Summon Small Mamm ||     7
 Abil: Hop               ||     1
  Use: Potion            ||     1
 Stab: Distracted        ||     1
Armor: Robe              ||     3
Dodge: Dodged            ||    16

Table legend: (Time is in decaauts)
 A = Elapsed time spent in this place.
 B = Non-inter-level travel time spent in this place.
 C = Inter-level travel time spent in this place.
 D = Time resting spent in this place.
 E = Time spent auto-exploring this place.
 F = Levels seen in this place.
 G = Mean time per level.
                   A        B        C        D        E       F      G
               +--------+--------+--------+--------+--------+-----+--------+
         Total |     63 |     63 |      0 |      0 |     20 |   1 |   63.0 |
       Dungeon |     63 |     63 |      0 |      0 |     20 |   1 |   63.0 |
               +--------+--------+--------+--------+--------+-----+--------+

Top non-repeatable levels by time:
     D:1: 63 daAuts
